[Event "ICCopen2017"]
[Site "Internet Chess Club"]
[Date "2017.03.19"]
[Round "6"]
[White "jbow79"]
[Black "ladrife"]
[Result "0-1"]
[ICCResult "White resigns"]
[WhiteElo "945"]
[BlackElo "1483"]
[Opening "King's Indian: fianchetto without c4"]
[ECO "A49"]
[NIC "QP.06"]
[Time "20:13:32"]
[TimeControl "180+0"]

1. d4 Nf6 2. Nf3 g6 3. g3 Bg7 4. Bg2 d6 5. O-O O-O 6. Nbd2 Nc6 7. Nc4 Re8 8.
c3 Nd7 9. Bg5 Rb8 10. Qd2 f6 11. Bh6 Bh8 12. Nh4 e6 13. Be4 f5 14. Bxc6 bxc6
15. Ng2 d5 16. Ne5 Nxe5 17. dxe5 Bxe5 18. Bg5 Bf6 19. Bh6 Qd6 20. Rad1 Ba6
21. Rfe1 Qe7 22. Bf4 Rb7 23. e3 Kg7 24. h4 e5 25. Bg5 h6 26. Bxf6+ Qxf6 27.
b3 Reb8 28. Qc2 Re8 29. Rd2 Rbb8 30. Red1 Rbd8 31. Ne1 Rd6 32. Nf3 Red8 33.
Ne1 c5 34. Nf3 c6 35. Ne1 d4 36. Nd3 dxe3 37. fxe3 e4 38. Nxc5 Rxd2 39. Rxd2
Rxd2 40. Qxd2 Bd3 41. c4 Qd6 42. Nb7 Qc7 43. Nc5 Qd6 44. Nb7 Qxg3+ 45. Qg2
Qxe3+ 46. Qf2 Qc1+ 47. Kg2 Qa1 48. Qd4+ Qxd4 {White resigns} 0-1

[Event "ICCopen2017"]
[Site "Internet Chess Club"]
[Date "2017.03.19"]
[Round "6"]
[White "dalaz"]
[Black "turolo"]
[Result "0-1"]
[ICCResult "White checkmated"]
[WhiteElo "1560"]
[BlackElo "1892"]
[Opening "King's pawn opening"]
[ECO "B07"]
[NIC "VO.17"]
[Time "20:13:51"]
[TimeControl "180+0"]

1. e4 d6 2. Nc3 Nf6 3. f4 Nbd7 4. Nf3 e5 5. Bc4 Be7 6. f5 c6 7. d3 Qc7 8.
O-O b5 9. Bb3 a5 10. a4 b4 11. Nb1 Ba6 12. Nbd2 O-O 13. Qe1 d5 14. Qg3 Nc5
15. Ba2 dxe4 16. dxe4 Bxf1 17. Kxf1 Ncxe4 18. Nxe4 Nxe4 19. Qxe5 Qxe5 20.
Nxe5 Rad8 21. Nxc6 Rd7 22. Be3 Bh4 23. g3 Bf6 24. Nxa5 Bxb2 25. Rb1 Bc3 26.
Nc4 Rfd8 27. Bb3 Nf6 28. Bg5 Rd1+ 29. Rxd1 Rxd1+ 30. Ke2 Re1+ 31. Kd3 Nd5
32. a5 Nc7 33. Bf4 Na6 34. Nb6 Kf8 35. Bc4 Nc5# {White checkmated} 0-1

[Event "ICCopen2017"]
[Site "Internet Chess Club"]
[Date "2017.03.19"]
[Round "6"]
[White "Barbos"]
[Black "Koval"]
[Result "1/2-1/2"]
[ICCResult "Game drawn because neither player has mating material"]
[WhiteElo "2485"]
[BlackElo "1899"]
[Opening "Catalan: closed"]
[ECO "E01"]
[NIC "CA.01"]
[Time "20:13:20"]
[TimeControl "180+0"]

1. d4 Nf6 2. c4 e6 3. g3 d5 4. Bg2 c6 5. Nf3 Nbd7 6. Qc2 b6 7. O-O Bb7 8. b3
Be7 9. Nc3 O-O 10. Rd1 Rc8 11. e4 dxe4 12. Ne5 Bd6 13. Bf4 Qc7 14. Nxd7 Qxd7
15. Bxd6 Qxd6 16. Nxe4 Nxe4 17. Bxe4 g6 18. c5 bxc5 19. dxc5 Qe5 20. f4 Qf6
21. Rac1 Rfd8 22. Kg2 Rxd1 23. Rxd1 Rd8 24. Rxd8+ Qxd8 25. Qd3 Qa5 26. Qc2
Qb4 27. h4 h5 28. Bf3 Qd4 29. a3 a5 30. Qf2 Qc3 31. b4 axb4 32. axb4 Qxb4
33. Qe3 Qb2+ 34. Kh3 Ba6 35. Bg2 Bb5 36. Qe5 Qc2 37. Qb8+ Kh7 38. Qc7 Qf5+
39. Kh2 Qxc5 40. Qxf7+ Kh6 41. Qf8+ Kh7 42. Qf7+ Kh6 43. Qf6 Kh7 44. Kh3
Qf5+ 45. Qxf5 gxf5 46. Kh2 Kg6 47. Kg1 Kf6 48. Kf2 e5 49. Ke3 e4 50. Kd4 Ke6
51. Bh3 Be2 52. Ke3 Bg4 53. Bf1 Kd5 54. Ba6 c5 55. Bc8 Kc4 56. Bd7 Kc3 57.
Be6 c4 58. Bf7 Kb3 59. Kd4 Be2 60. Ke5 Bd3 61. Kd4 e3 62. Kxe3 Be4 63. Kd4
Bd3 64. Be6 Kc2 65. Bxc4 Be4 66. Ke5 Kc3 67. Be6 Kd2 68. Bxf5 Bf3 69. Bg6
Ke3 70. Bxh5 Bxh5 71. f5 Kf3 72. f6 Kxg3 73. Kf5 Kxh4 74. Ke6 Kg5 75. f7
Bxf7+ {Game drawn because neither player has mating material} 1/2-1/2

[Event "ICCopen2017"]
[Site "Internet Chess Club"]
[Date "2017.03.19"]
[Round "6"]
[White "Blitzyy"]
[Black "alan2015"]
[Result "1-0"]
[ICCResult "Black checkmated"]
[WhiteElo "1726"]
[BlackElo "1456"]
[Opening "Queen's pawn game, Darooha variation "]
[ECO "D02"]
[NIC "QP.08"]
[Time "20:13:23"]
[TimeControl "180+0"]

1. d4 d5 2. Nf3 Nf6 3. g3 Bf5 4. Bg2 e6 5. O-O h6 6. c4 c6 7. Nbd2 Bd6 8. b3
Nbd7 9. Bb2 Bh7 10. Re1 O-O 11. Ne5 Qc7 12. f4 b6 13. Rc1 Qb7 14. Nxc6 Rac8
15. Ne5 Ne4 16. Nxe4 dxe4 17. Nxd7 Qxd7 18. e3 Bb4 19. Rf1 f5 20. g4 a6 21.
gxf5 exf5 22. d5 b5 23. Qd4 Bc5 24. Qd2 Qa7 25. Rfe1 bxc4 26. Rxc4 a5 27.
Bc3 g5 28. Kh1 gxf4 29. exf4 e3 30. Qd3 Rfe8 31. Bf3 Bb6 32. Rg1+ Kf8 33.
Rg7 Qxg7 34. Bxg7+ Kxg7 35. d6 Rxc4 36. bxc4 Bc5 37. Qd5 Bg8 38. Qxc5 e2 39.
Bxe2 Rxe2 40. Qd4+ Kg6 41. d7 Re1+ 42. Kg2 Re2+ 43. Kg1 Rxa2 44. d8=Q Bf7
45. Q8f6+ Kh5 46. Qxf5+ Kh4 47. Qf2+ Rxf2 48. Kxf2 Bh5 49. Qf6+ Kh3 50. Qxh6
Kxh2 51. Qxh5# {Black checkmated} 1-0

[Event "ICCopen2017"]
[Site "Internet Chess Club"]
[Date "2017.03.19"]
[Round "6"]
[White "KH"]
[Black "WAHEHE"]
[Result "1-0"]
[ICCResult "Black forfeits on time"]
[WhiteElo "2026"]
[BlackElo "1713"]
[Opening "Bird's opening"]
[ECO "A02"]
[NIC "VO.07"]
[Time "20:14:22"]
[TimeControl "180+0"]

1. f4 c6 2. Nf3 d5 3. e3 Bg4 4. h3 Bxf3 5. Qxf3 Nd7 6. d4 g6 7. g4 Bg7 8.
Nd2 h5 9. Bd3 Qb6 10. c3 e6 11. f5 gxf5 12. gxf5 e5 13. Qg2 Bf6 14. b3 O-O-O
15. Bb2 exd4 16. exd4 Re8+ 17. Kd1 Ne7 18. Kc2 Kb8 19. Rae1 Nc8 20. Qf3 Rxe1
21. Rxe1 a5 22. Ba3 a4 23. Qf4+ Ka8 24. Nf3 c5 25. bxa4 c4 26. Be2 Qa6 27.
Bd1 Qxa4+ 28. Kb2 Qa5 29. Bb4 Qa6 30. Qc7 Ncb6 31. Bc2 Rc8 32. Qf4 Na4+ 33.
Kc1 Ndb6 34. Qh6 Bh8 35. Qxh5 Qb5 36. Qxf7 Ka7 37. Re7 Na8 38. Bxa4 Qxa4 39.
Rxb7+ Ka6 40. Ra7+ Kb5 41. Qb7+ Nb6 42. Rxa4 Kxa4 43. Qxb6
{Black forfeits on time}
1-0

[Event "ICCopen2017"]
[Site "Internet Chess Club"]
[Date "2017.03.19"]
[Round "6"]
[White "hecan58"]
[Black "LiangLiang"]
[Result "0-1"]
[ICCResult "White checkmated"]
[WhiteElo "1381"]
[BlackElo "1788"]
[Opening "Sicilian: Smith-Morra gambit"]
[ECO "B21"]
[NIC "SI.48"]
[Time "20:13:11"]
[TimeControl "180+0"]

1. e4 c5 2. d4 cxd4 3. c3 dxc3 4. Nxc3 Nc6 5. Nf3 d6 6. Bc4 e6 7. O-O Nf6 8.
Qe2 Be7 9. Rd1 e5 10. h3 O-O 11. Bg5 a6 12. Rac1 Be6 13. Bxe6 fxe6 14. Qc4
Qc8 15. b4 Nd4 16. Qxc8 Nxf3+ 17. gxf3 Raxc8 18. Rd3 h6 19. Be3 Rc6 20. Rcd1
Rfc8 21. Na4 b5 22. Nb2 Rc2 23. R3d2 Rxd2 24. Rxd2 Rc1+ 25. Kg2 Rc3 26. Nd3
Nd7 27. f4 exf4 28. Nxf4 Kf7 29. Ne2 Rc4 30. Rd4 Rxd4 31. Nxd4 Ne5 32. Bd2
Nc4 33. Bc3 Bf6 34. Kf3 Ne5+ 35. Ke2 Ke7 36. Nb3 Kd7 37. Nd4 Nc6 38. Nb3
Bxc3 39. a3 Nd4+ 40. Nxd4 Bxd4 41. Kd3 Bb2 42. Kc2 Bxa3 43. Kb3 Bxb4 44. Kc2
Kc6 45. Kb3 Kc5 46. f4 a5 47. h4 a4+ 48. Kc2 Kc4 49. h5 Bc3 50. f5 exf5 51.
exf5 a3 52. Kb1 Kb3 53. f6 gxf6 54. Kc1 a2 55. Kd1 a1=Q+ 56. Ke2 Qe1+ 57.
Kf3 d5 58. Kg4 d4 59. Kf5 d3 60. Kg6 d2 61. Kf7 d1=Q 62. Kg6 Qd3+ 63. Kf7
Qd5+ 64. Kg7 Qe7+ 65. Kg6 Qdf7+ 66. Kf5 Qfe6+ 67. Kf4 Qe3+ 68. Kg4 Q7e4#
{White checkmated}
0-1

[Event "ICCopen2017"]
[Site "Internet Chess Club"]
[Date "2017.03.19"]
[Round "6"]
[White "RockyTop"]
[Black "niftyleopard"]
[Result "0-1"]
[ICCResult "White forfeits on time"]
[WhiteElo "1571"]
[BlackElo "1225"]
[Opening "Ruy Lopez: closed, 9.h3"]
[ECO "C92"]
[NIC "RL.21"]
[Time "20:13:45"]
[TimeControl "180+0"]

1. e4 e5 2. Nf3 Nc6 3. Bb5 a6 4. Ba4 Nf6 5. O-O Be7 6. Re1 b5 7. Bb3 O-O 8.
c3 d6 9. h3 Re8 10. d4 Bb7 11. Ng5 Rf8 12. d5 Na5 13. Bc2 h6 14. Nf3 Nc4 15.
a4 Qd7 16. b3 Nb6 17. a5 Nc8 18. Nbd2 c6 19. c4 c5 20. Nf1 Na7 21. Ng3 bxc4
22. bxc4 Bd8 23. Bd2 Nc8 24. Ba4 Qc7 25. Qb3 Ne7 26. Reb1 Bc8 27. Rb2 Ng6
28. Rab1 Be7 29. Qb6 Qxb6 30. Rxb6 Bd7 31. Bxd7 Nxd7 32. Nf5 Nxb6 33. axb6
Rab8 34. b7 Bd8 35. Nxd6 Bc7 36. Nf5 Rfe8 37. d6 Bd8 38. d7 Rf8 39. Be3 Be7
40. Nxe7+ Nxe7 41. Bxc5 Rfd8 42. Bxe7 Rxd7 43. Ba3 Rdxb7 44. Rxb7 Rxb7 45.
Nxe5 Rb3 46. Kh2 Rxa3 47. c5 Rc3 48. c6 f6 {White forfeits on time} 0-1

[Event "ICCopen2017"]
[Site "Internet Chess Club"]
[Date "2017.03.19"]
[Round "6"]
[White "vbtry3"]
[Black "Atlantis75"]
[Result "1-0"]
[ICCResult "Black checkmated"]
[WhiteElo "1721"]
[BlackElo "1903"]
[Opening "King's pawn opening"]
[ECO "B07"]
[NIC "VO.17"]
[Time "20:13:29"]
[TimeControl "180+0"]

1. e4 d6 2. d4 c6 3. Nc3 g6 4. Be3 h6 5. Qd2 Bg7 6. f3 Nd7 7. O-O-O b5 8.
Bd3 Nb6 9. g4 Nf6 10. h4 Nc4 11. Bxc4 bxc4 12. Nh3 Rb8 13. Rdg1 Nd7 14. h5
g5 15. f4 f6 16. e5 Nb6 17. exf6 exf6 18. Qe2 O-O 19. f5 d5 20. Qh2 Bd7 21.
Nd1 Na4 22. Bd2 c5 23. dxc5 Nxc5 24. Nc3 Bc6 25. Be3 d4 26. Rd1 dxc3 27.
Rxd8 cxb2+ 28. Kb1 Na4 29. Qxb8 Rxd8 30. Qxd8+ Bf8 31. Bxa7 Nc3+ 32. Kxb2
Nd5 33. Rd1 c3+ 34. Kb1 Nb4 35. Qxf6 Bg7 36. Qe6+ Kh8 37. Rd8+ Kh7 38. Qg6#
{Black checkmated}
1-0

[Event "ICCopen2017"]
[Site "Internet Chess Club"]
[Date "2017.03.19"]
[Round "6"]
[White "adypady"]
[Black "charlestehace"]
[Result "0-1"]
[ICCResult "White resigns"]
[WhiteElo "2449"]
[BlackElo "3191"]
[Opening "Sicilian"]
[ECO "B50"]
[NIC "SI.01"]
[Time "20:14:15"]
[TimeControl "180+0"]

1. e4 c5 2. Nf3 d6 3. c3 Nf6 4. Bd3 Nbd7 5. O-O g6 6. Re1 Bg7 7. Bc2 O-O 8.
d4 b6 9. Nbd2 Bb7 10. e5 dxe5 11. dxe5 Nd5 12. a4 Qc7 13. Nc4 Rad8 14. Qe2
Nb8 15. e6 f6 16. h4 Nf4 17. Qe3 Nd5 18. Qe2 Nf4 19. Bxf4 Qxf4 20. Be4 Bxe4
21. Qxe4 Qxe4 22. Rxe4 Nc6 23. Kf1 Rd5 24. Ne3 Rd6 25. Nc4 Rd5 26. g4 f5 27.
Rf4 fxg4 28. Rxf8+ Kxf8 29. Nfd2 Ne5 30. Re1 Nd3 31. Re4 Nxb2 32. Rxg4 Bxc3
33. Rf4+ Bf6 34. Nxb2 Rxd2 35. Nc4 Rd4 36. Rxd4 Bxd4 37. Na3 a6 38. Ke2 Kg7
39. f4 Kf6 40. Kf3 Kxe6 41. Ke4 Bf6 42. Nc4 b5 43. Nd2 Bxh4 44. Nb3 Kd6 45.
axb5 axb5 46. Nd2 Bf6 47. Kd3 Kd5 48. Nf1 h5 49. Ne3+ Ke6 50. Ke4 b4 51. Nc4
b3 52. Na3 b2 53. Kd3 Kd5 54. Kc2 Ke4 55. Nc4 Kxf4 56. Nd2 h4 57. Nf1 h3 58.
Kb1 Kf3 59. Kc2 Kg2 60. Ne3+ Kg1 61. Ng4 h2 62. Nxh2 Kxh2 {White resigns}
0-1

[Event "ICCopen2017"]
[Site "Internet Chess Club"]
[Date "2017.03.19"]
[Round "6"]
[White "JESSEJOSE"]
[Black "atoz"]
[Result "1-0"]
[ICCResult "Black forfeits on time"]
[WhiteElo "1621"]
[BlackElo "1468"]
[Opening "Sicilian: Canal-Sokolsky attack, 3...Bd7"]
[ECO "B52"]
[NIC "SI.01"]
[Time "20:13:38"]
[TimeControl "180+0"]

1. e4 c5 2. Nf3 d6 3. Bb5+ Bd7 4. Bxd7+ Nxd7 5. O-O g6 6. Re1 Bg7 7. c3 Ngf6
8. d4 cxd4 9. cxd4 O-O 10. Nc3 Rc8 11. Bd2 a6 12. Rc1 Qb6 13. Na4 Qa7 14.
Rxc8 Rxc8 15. Nc3 b5 16. Be3 Ng4 17. Nd5 Kf8 18. h3 Nxe3 19. Nxe3 Qc7 20.
Qd2 Nf6 21. e5 Ne4 22. Qd3 d5 23. Nd2 Nxd2 24. Qxd2 Bh6 25. Qd3 Bxe3 26.
Qxe3 Qc2 27. Re2 Qc1+ 28. Kh2 Qxe3 29. Rxe3 Rc2 30. Rb3 Rxf2 31. Kg3 Rd2 32.
Rb4 Kg7 33. Kf3 f6 34. exf6+ Kxf6 35. a4 bxa4 36. Rxa4 Rxb2 37. Rxa6+ e6 38.
Ra7 Rb3+ 39. Kf4 h5 40. h4 Rb2 41. Kf3 Rd2 42. Ra4 Rd3+ 43. Kf2 Rd2+ 44. Kf3
Rd3+ 45. Kf2 Kf5 46. Ke2 Ke4 47. Ra6 Rxd4 48. Rxe6+ Kf5 49. Re3 Rxh4 50.
Rf3+ Ke5 51. g3 Re4+ 52. Kd2 g5 53. Kd3 Rd4+ 54. Ke2 Re4+ 55. Kf2 Ra4 56.
Rf8 Ra2+ 57. Kg1 g4 58. Re8+ Kd4 59. Rh8 Ke3 60. Rxh5 Kf3 61. Rf5+ Kxg3 62.
Kf1 {Black forfeits on time} 1-0

[Event "ICCopen2017"]
[Site "Internet Chess Club"]
[Date "2017.03.19"]
[Round "6"]
[White "wagnerbi"]
[Black "fishbein"]
[Result "0-1"]
[ICCResult "White checkmated"]
[WhiteElo "1943"]
[BlackElo "2642"]
[Opening "King's Indian: fianchetto, Uhlmann (Szabo) variation"]
[ECO "E62"]
[NIC "KI.72"]
[Time "20:14:14"]
[TimeControl "180+0"]

1. Nf3 Nf6 2. d4 g6 3. g3 Bg7 4. Bg2 O-O 5. O-O d6 6. c4 Nc6 7. Nc3 e5 8.
dxe5 dxe5 9. Qxd8 Rxd8 10. Bg5 Be6 11. b3 h6 12. Bc1 e4 13. Ne1 Ne8 14. Bb2
Rd2 15. Rb1 Rxb2 16. Rxb2 Bxc3 17. Rc2 Bxe1 18. Rxe1 f5 19. f3 Nf6 20. a3
Rd8 21. b4 b6 22. Rec1 Nd4 23. Rb2 Kf7 24. Kf2 Rd7 25. Bf1 c5 26. h3 g5 27.
f4 g4 28. h4 Nc6 29. e3 Ne7 30. bxc5 bxc5 31. Rcc2 Ne8 32. Rb5 Rc7 33. Rcb2
Nd6 34. Rb8 Bxc4 35. Bxc4+ Nxc4 36. Rc2 Nb6 37. Rd2 c4 38. Rdd8 c3 39. Rf8+
Ke6 40. Rh8 c2 41. Rxh6+ Kd7 42. Rhh8 c1=Q 43. Rhd8+ Ke6 44. h5 Rc2+ 45. Rd2
Rxd2# {White checkmated} 0-1

[Event "ICCopen2017"]
[Site "Internet Chess Club"]
[Date "2017.03.19"]
[Round "6"]
[White "Baltimora"]
[Black "UnderArmour"]
[Result "1-0"]
[ICCResult "Black checkmated"]
[WhiteElo "2293"]
[BlackElo "1898"]
[Opening "Bogo-Indian defense, Grünfeld variation"]
[ECO "E11"]
[NIC "QI.01"]
[Time "20:14:08"]
[TimeControl "180+0"]

1. d4 Nf6 2. c4 e6 3. Nf3 Bb4+ 4. Nbd2 O-O 5. g3 d5 6. Qc2 dxc4 7. Qxc4 c5
8. Bg2 Bxd2+ 9. Bxd2 cxd4 10. Nxd4 Nd5 11. Nf3 Nc6 12. O-O e5 13. Rfd1 Be6
14. Qb5 Qe7 15. Rac1 a6 16. Qa4 Rac8 17. Ng5 b5 18. Qh4 h6 19. Nxe6 Qxe6 20.
e3 Rfd8 21. Be1 Ndb4 22. Bxb4 Rxd1+ 23. Rxd1 Nxb4 24. Qxb4 Qxa2 25. h4 Qe6
26. Rd6 Rc1+ 27. Kh2 Qe7 28. Qd2 Ra1 29. Rd8+ Kh7 30. Be4+ g6 31. Rd7 Qf6
32. Kg2 Kg8 33. Bd5 Qf5 34. Rxf7 Qb1 35. Rd7+ Kh8 36. Rd8+ Kg7 37. Kh3 Qf1+
38. Bg2 Qc4 39. Qd6 g5 40. Rd7+ Kh8 41. Qf6+ Kg8 42. Qg7# {Black checkmated}
1-0

[Event "ICCopen2017"]
[Site "Internet Chess Club"]
[Date "2017.03.19"]
[Round "6"]
[White "angelyas"]
[Black "Irenaeus"]
[Result "1-0"]
[ICCResult "Black resigns"]
[WhiteElo "1370"]
[BlackElo "1701"]
[Opening "Giuoco Pianissimo"]
[ECO "C24"]
[NIC "IG.04"]
[Time "20:15:02"]
[TimeControl "180+0"]

1. e4 e5 2. Bc4 Nf6 3. d3 Nc6 4. Nf3 Bc5 5. Ng5 O-O 6. O-O d5 7. exd5 Nxd5
8. Bxd5 Qxd5 9. Nc3 Qd8 10. Nge4 Bb6 11. Bg5 f6 12. Bh4 g5 13. Bg3 f5 14.
Nd2 f4 15. Bxf4 exf4 16. Nde4 Bf5 17. Re1 Bg6 18. Kh1 f3 19. gxf3 Nd4 20.
Nd2 Qf6 21. Nce4 Bxe4 22. Nxe4 Qxf3+ 23. Qxf3 Nxf3 24. Rf1 h6 25. c3 Rae8
26. Rad1 c5 27. Nd6 Re7 28. Kg2 Bc7 29. Nc4 b5 30. Ne3 Nxh2 31. Nd5 Rd7 32.
Nxc7 Nxf1 33. Ne6 Rf6 34. Nxc5 Rdf7 35. Rxf1 h5 36. Ne4 Rf5 37. Nd6 R5f6 38.
Nxf7 Kxf7 39. Re1 {Black resigns} 1-0

[Event "ICCopen2017"]
[Site "Internet Chess Club"]
[Date "2017.03.19"]
[Round "6"]
[White "Paganini2"]
[Black "someyoungguy"]
[Result "1-0"]
[ICCResult "Black checkmated"]
[WhiteElo "1446"]
[BlackElo "1227"]
[Opening "Queen's pawn"]
[ECO "A40"]
[NIC "QO.17"]
[Time "20:14:42"]
[TimeControl "180+0"]

1. d4 h6 2. c4 g6 3. e4 f6 4. Nc3 e6 5. Nf3 d6 6. Bd3 Qe7 7. e5 f5 8. d5 Bg7
9. exd6 exd5+ 10. Ne2 Qxd6 11. cxd5 Nf6 12. O-O Bd7 13. Bc4 O-O 14. Bf4 Qb6
15. Rb1 Ne4 16. Be3 Qd6 17. Bf4 Qb6 18. Be3 Qd6 19. Nfd4 Bxd4 20. Bxd4 Ng5
21. b4 f4 22. Bc5 Qf6 23. Bxf8 Qxf8 24. f3 Kh7 25. Nd4 c6 26. Ne6 Bxe6 27.
dxe6 Na6 28. Qd7+ Qg7 29. e7 b5 30. e8=Q Rxe8 31. Qxe8 bxc4 32. Qxc6 Qd4+
33. Kh1 Nxb4 34. Rxb4 Qd3 35. Rb7+ Nf7 36. Rxf7+ Kg8 37. Qe8# {Black
checkmated} 1-0

[Event "ICCopen2017"]
[Site "Internet Chess Club"]
[Date "2017.03.19"]
[Round "6"]
[White "JUGGERNOT"]
[Black "Parsifal"]
[Result "0-1"]
[ICCResult "White checkmated"]
[WhiteElo "1760"]
[BlackElo "2354"]
[Opening "Bird's opening"]
[ECO "A02"]
[NIC "VO.07"]
[Time "20:14:42"]
[TimeControl "180+0"]

1. f4 Nf6 2. Nf3 d6 3. e3 g6 4. Be2 Bg7 5. O-O O-O 6. d3 Nbd7 7. Nc3 e5 8.
fxe5 dxe5 9. e4 c6 10. Bg5 Qb6+ 11. Kh1 Qxb2 12. Qd2 Qb6 13. Nxe5 Qd4 14.
Nxd7 Nxd7 15. Be7 Qxc3 16. Qxc3 Bxc3 17. Bxf8 Bxa1 18. Rxa1 Nxf8 19. h3 Be6
20. Kh2 c5 21. g4 b6 22. Kg3 Rd8 23. Kf4 Kg7 24. a4 f6 25. h4 h6 26. g5
hxg5+ 27. hxg5 Nh7 28. gxf6+ Kxf6 29. Rg1 g5+ 30. Ke3 Rd4 31. Ra1 Rb4 32.
Rf1+ Ke7 33. Rh1 Nf6 34. Ra1 g4 35. Kf4 Rb2 36. Bd1 Nd7 37. e5 Rb4+ 38. c4
Rb2 39. a5 Rf2+ 40. Kg3 Rd2 41. axb6 axb6 42. Bxg4 Rxd3+ 43. Bf3 Nxe5 44.
Ra7+ Kf6 45. Kf4 Rxf3+ 46. Ke4 Bf5+ 47. Kd5 Rd3# {White checkmated} 0-1

[Event "ICCopen2017"]
[Site "Internet Chess Club"]
[Date "2017.03.19"]
[Round "6"]
[White "ramezsamir"]
[Black "ural"]
[Result "0-1"]
[ICCResult "White checkmated"]
[WhiteElo "1978"]
[BlackElo "2473"]
[Opening "Scandinavian (center counter) defense"]
[ECO "B01"]
[NIC "SD.01"]
[Time "20:14:16"]
[TimeControl "180+0"]

1. e4 d5 2. exd5 Qxd5 3. Nc3 Qa5 4. g3 Nf6 5. Bg2 Nc6 6. d3 Bf5 7. Ne2 O-O-O
8. O-O e5 9. a3 e4 10. Bd2 exd3 11. cxd3 Bxd3 12. Nd5 Qa6 13. Bh3+ Kb8 14.
Nxf6 Bxe2 15. Qb3 gxf6 16. Bc3 Ne5 17. Bxe5 fxe5 18. Rfe1 Bd6 19. Bg2 Bc4
20. Qf3 Rhf8 21. Rac1 Be6 22. b4 f5 23. b5 Qb6 24. a4 e4 25. Qh5 Bc5 26. Re2
e3 27. f4 Bd5 28. Bxd5 Rxd5 29. Qxh7 Rfd8 30. Kg2 Qe6 31. Rec2 Qe4+ 32. Kf1
e2+ 33. Rxe2 Qh1# {White checkmated} 0-1

[Event "ICCopen2017"]
[Site "Internet Chess Club"]
[Date "2017.03.19"]
[Round "6"]
[White "croder"]
[Black "ajam"]
[Result "0-1"]
[ICCResult "White resigns"]
[WhiteElo "1572"]
[BlackElo "1897"]
[Opening "Pirc defense"]
[ECO "B07"]
[NIC "PU.08"]
[Time "20:13:49"]
[TimeControl "180+0"]

1. e4 d6 2. d4 Nf6 3. Nc3 e5 4. d5 Nbd7 5. Bd3 Be7 6. Be3 O-O 7. Qd2 c6 8.
dxc6 bxc6 9. O-O-O Qa5 10. Kb1 Qc7 11. h3 Rb8 12. Ka1 Nb6 13. g4 Be6 14.
Bxb6 axb6 15. g5 Nd7 16. Nge2 Ra8 17. Nc1 b5 18. Nb3 Nc5 19. Kb1 Na4 20. f4
exf4 21. Qxf4 f6 22. gxf6 Bxf6 23. Qd2 Nxb2 24. Kxb2 b4 25. Kc1 Bxc3 26. Qg2
Rxa2 27. Rdf1 Rfa8 28. Kd1 Bxb3 29. Qf3 Be6 30. Ke2 b3 31. Rc1 b2 32. Rb1
Ra1 33. h4 Rxb1 34. Rxb1 Ra1 35. Qf1 Ba2 36. Qf5 Be5 37. c3 Qe7 38. Rxb2 g6
39. Qc8+ Kg7 40. Rxa2 Rxa2+ 41. Ke3 Bxc3 42. Bc4 Ra3 43. Qg8+ Kh6 44. Bd3 d5
45. h5 Qg5+ 46. Kf3 Qxh5+ 47. Ke3 Qh3+ 48. Ke2 Ra2+ 49. Kd1 Qh1+ {White
resigns} 0-1

[Event "ICCopen2017"]
[Site "Internet Chess Club"]
[Date "2017.03.19"]
[Round "6"]
[White "dashingfox"]
[Black "progre69"]
[Result "0-1"]
[ICCResult "White checkmated"]
[WhiteElo "1834"]
[BlackElo "2146"]
[Opening "Ruy Lopez: classical (Cordel) defense"]
[ECO "C64"]
[NIC "RL.01"]
[Time "20:13:22"]
[TimeControl "180+0"]

1. e4 e5 2. Nf3 Nc6 3. Bb5 Bc5 4. O-O Nge7 5. d3 O-O 6. Nc3 a6 7. Bc4 b5 8.
Bb3 d6 9. h3 Bb7 10. a4 b4 11. Ne2 Na5 12. Ba2 b3 13. cxb3 Bb4 14. Bd2 c5
15. Bxb4 cxb4 16. Qd2 Qb6 17. Rac1 Rac8 18. Ng3 f5 19. exf5 Nxf5 20. Nxf5
Rxf5 21. Nh4 Rf6 22. Rxc8+ Bxc8 23. Rc1 Be6 24. Qe3 Qxe3 25. fxe3 Bxb3 26.
Rc8+ Rf8 27. Bxb3+ Nxb3 28. Rc6 Nc5 29. Rxd6 Nxa4 30. Rxa6 Nxb2 31. d4 exd4
32. exd4 Rd8 33. Nf5 Nd3 34. Rb6 g6 35. Ne7+ Kf7 36. Nc6 Rc8 37. Ne5+ Nxe5
38. dxe5 Rc4 39. Rb7+ Ke6 40. Rxh7 Kxe5 41. Rg7 Rc6 42. Rb7 Rc4 43. Rb6 Kf5
44. Kf2 Rc2+ 45. Kf3 Rc3+ 46. Kf2 b3 47. Ke1 Ke4 48. Kd2 Rc2+ 49. Kd1 Rc3
50. Kd2 Rg3 51. Kc1 Kd4 52. Kb2 Kc4 53. Rc6+ Kb5 54. Rc7 Kb4 55. Rb7+ Kc5
56. Rc7+ Kd6 57. Rb7 Kc6 58. Rxb3 Rxg2+ 59. Kc1 Kd5 60. Kd1 Ke4 61. Ke1 Rh2
62. Kf1 Kf4 63. Kg1 Ra2 64. Rb4+ Kg3 65. Rb3+ Kh4 66. Rb4+ Kh5 67. Rb3 g5
68. Rb4 Ra3 69. Rg4 Rb3 70. Rg2 Rxh3 71. Rh2 Kg4 72. Rxh3 Kxh3 73. Kh1 Kg3
74. Kg1 g4 75. Kh1 Kf2 76. Kh2 g3+ 77. Kh3 g2 78. Kg4 g1=Q+ 79. Kf4 Qg3+ 80.
Ke4 Qe3+ 81. Kd5 Qd3+ 82. Kc5 Qe4 83. Kb5 Qd4 84. Kc6 Qe5 85. Kb6 Qd5 86.
Ka7 Qb3 87. Ka8 Ke3 88. Ka7 Kd4 89. Ka8 Kc5 90. Ka7 Kc6 91. Ka8 Qb7#
{White checkmated}
0-1

[Event "ICCopen2017"]
[Site "Internet Chess Club"]
[Date "2017.03.19"]
[Round "6"]
[White "Alwaysontime"]
[Black "F83"]
[Result "1-0"]
[ICCResult "Black forfeits on time"]
[WhiteElo "2188"]
[BlackElo "1771"]
[Opening "King's Indian: Sämisch, orthodox, 7.d5"]
[ECO "E87"]
[NIC "KI.41"]
[Time "20:13:29"]
[TimeControl "180+0"]

1. d4 Nf6 2. c4 g6 3. Nc3 Bg7 4. e4 d6 5. f3 O-O 6. Be3 e5 7. d5 Na6 8. Nge2
b6 9. Ng3 h5 10. Be2 h4 11. Nf1 Nh5 12. g4 Nf4 13. Bxf4 exf4 14. h3 Bd7 15.
Qc1 Be5 16. Nd2 g5 17. Nb3 Nc5 18. Qd2 Qf6 19. O-O a6 20. Rfd1 Na4 21. Nxa4
Bxa4 22. Kg2 Bxb2 23. Rab1 Be5 24. Rdc1 c5 25. dxc6 Bxc6 26. Rd1 Rab8 27.
Nd4 Ba4 28. Nb3 a5 29. Qd5 Rfc8 30. Rdc1 Rc7 31. Qd2 Bd7 32. Nxa5 Bd4 33.
Rd1 Bc3 34. Qxd6 Qxd6 35. Rxd6 Bxa5 36. Rbd1 Be6 37. R6d4 Kg7 38. e5 Bc3 39.
Re4 Ra8 40. Rc1 Bb4 41. Rc2 {Black forfeits on time} 1-0

[Event "ICCopen2017"]
[Site "Internet Chess Club"]
[Date "2017.03.19"]
[Round "6"]
[White "sarge"]
[Black "subterfuge"]
[Result "1-0"]
[ICCResult "Black resigns"]
[WhiteElo "1754"]
[BlackElo "1506"]
[Opening "Caro-Kann defense"]
[ECO "B10"]
[NIC "CK.01"]
[Time "20:14:09"]
[TimeControl "180+0"]

1. e4 c6 2. f4 d5 3. e5 Bf5 4. Nf3 e6 5. d3 Be7 6. c3 Nd7 7. Be2 Qc7 8. O-O
f6 9. d4 O-O-O 10. b4 h6 11. a4 g5 12. Na3 g4 13. Nh4 Be4 14. Bd3 f5 15. Ng6
Rh7 16. Nxe7+ Rxe7 17. Qe2 h5 18. Be3 Nh6 19. Rfc1 h4 20. c4 Rg8 21. cxd5
exd5 22. Nb5 Qb6 23. Nd6+ Kb8 24. a5 Bxd3 25. Qxd3 Qa6 26. b5 cxb5 27. Qc3
Ka8 28. Qb4 Nf7 29. Rc7 Nxd6 30. Rac1 Rge8 31. Bf2 Nc4 32. Bxh4 Rh7 33. Bg3
Qh6 34. Qxb5 Qa6 35. Qxd5 Ne3 36. Rxd7 Rxd7 37. Qxd7 Rb8 38. Bf2 Qxa5 39.
Bxe3 Qa2 40. Re1 Qe2 41. Rxe2 {Black resigns} 1-0

[Event "ICCopen2017"]
[Site "Internet Chess Club"]
[Date "2017.03.19"]
[Round "6"]
[White "arnav311004"]
[Black "juandeperea"]
[Result "1-0"]
[ICCResult "Black forfeits on time"]
[WhiteElo "1624"]
[BlackElo "1862"]
[Opening "Réti opening"]
[ECO "A04"]
[NIC "QP.10"]
[Time "20:13:12"]
[TimeControl "180+0"]

1. Nf3 c5 2. g3 Nc6 3. Bg2 g6 4. O-O Bg7 5. c3 d6 6. d4 cxd4 7. cxd4 Nf6 8.
Nc3 O-O 9. d5 Nb4 10. a3 Na6 11. e4 Nc5 12. Re1 a5 13. h3 Bd7 14. e5 dxe5
15. Nxe5 Rc8 16. Nxd7 Qxd7 17. Be3 Rfd8 18. Bxc5 Rxc5 19. Qe2 Re8 20. Rad1
h5 21. Qe3 Qc7 22. a4 Nd7 23. d6 Qb6 24. Nd5 Qxb2 25. Nxe7+ Kh7 26. Rb1 Qf6
27. Nd5 Rxd5 28. Qxe8 Rd2 29. Re2 Rxd6 30. Rxb7 Ne5 31. Be4 Rd1+ 32. Kg2 h4
33. Qe7 Qa6 34. Bf3 hxg3 35. fxg3 Qd3 36. Rf2 Rd2 37. Qxe5 Bxe5 38. Rxf7+
Kg8 39. Rb7 Rxf2+ 40. Kxf2 Qd4+ 41. Ke2 Qc3 42. Kd1 Kf8 43. Bd5 Ke8 44. Rb8+
Kd7 45. Be6+ Kd6 46. Rb6+ Kc5 47. Rc6+ Kd4 48. Rxc3 Kxc3 49. Ke2 Bxg3 50.
Kf3 Be5 51. Kg4 Kb4 52. Bf7 {Black forfeits on time} 1-0